 Dungeon Crawl Stone Soup version 0.30.1-9-gdf580d7c3d (webtiles) character file.

Game seed: 9755476337606558876

157 monsoonserge the Slasher (level 5, -4/39 HPs)
             Began as a Merfolk Gladiator on Oct 9, 2023.
             Killed by nerve-wracking pain
             ... invoked by Grinder
              (10 damage)
             ... on level 3 of the Dungeon.
             The game lasted 00:05:21 (1592 turns).

monsoonserge the Slasher (Merfolk Gladiator)        Turns: 1592, Time: 00:05:22

Health: -4/39      AC:  4    Str: 14    XL:     5   Next: 38%
Magic:  5/5        EV: 14    Int:  8    God:
Gold:   122        SH:  0    Dex: 17    Spells: 4/4 levels left

rFire   . . .        a - +0 long sword
rCold   . . .        (no shield)
rNeg    . . .        b - +0 leather armour
rPois   .            c - +0 helmet
rElec   .            (no cloak)
rCorr   .            (no gloves)
SInv    .            (no boots)
Will    .....        (no amulet)
Stlth   ++           (no ring)
HPRegen 0.26/turn    (no ring)
MPRegen 0.09/turn

%: no passive effects
@: no status effects
A: (nimble swimmer 2), mertail
a: no special abilities


You were on level 3 of the Dungeon.
You visited 1 branch of the dungeon, and saw 3 of its levels.

You collected 122 gold pieces.

Inventory:

Hand Weapons
 a - a +0 long sword (weapon)
 f - a +0 short sword
 o - a +3 sling
Missiles
 d - a throwing net (quivered)
 e - a javelin
Armour
 b - a +0 leather armour (worn)
 c - a +0 helmet (worn)
 h - a +0 ring mail
Scrolls
 g - 3 scrolls of identify {unknown}
 k - a scroll of fear {unknown}
 l - a scroll of immolation {unknown}
 m - 3 scrolls of fog {unknown}
 n - a scroll of torment {unknown}
 p - 2 scrolls of poison {unknown}
 q - a scroll of teleportation {unknown}
 r - a scroll of enchant armour {unknown}
Potions
 i - a potion of resistance {unknown}
 j - a potion of mutation {unknown}
 s - 2 potions of haste {unknown}


   Skills:
 + Level 2.7 Fighting
 + Level 5.4 Long Blades
 + Level 2.2 Throwing
 + Level 1.1 Armour
 + Level 5.1 Dodging
 + Level 1.0 Stealth


You had 4 spell levels left.
You didn't know any spells.
Your spell library was empty.

Dungeon Overview and Level Annotations

Branches:
Dungeon (3/15)

Altars:
Kikubaaqudgha
Sif Muna

Annotations:
D:2 Sigmund
D:3 Grinder


Innate Abilities, Weirdness & Mutations

((You are very nimble when in or above water. (Stealth+, EV+, Speed+++)))
Your lower body shifts to a powerful aquatic tail in water.


Message History

You closely miss Grinder.
Grinder is lightly wounded.
Grinder hits you.
You writhe in agony.
You closely miss Grinder. You punch Grinder.
Grinder is lightly wounded.
Grinder hits you but does no damage.
You barely miss Grinder.
Grinder is lightly wounded.
Grinder hits you.
You writhe in agony.
You closely miss Grinder.
Grinder is lightly wounded.
Grinder gestures at you.
You barely resist. You closely miss Grinder.
Grinder is lightly wounded.
Grinder gestures at you.
You suddenly lose the ability to move!
Grinder hits you!
You writhe in agony.
* * * LOW HITPOINT WARNING * * *
Grinder hits you.
* * * LOW HITPOINT WARNING * * *
You writhe in agony.
* * * LOW HITPOINT WARNING * * *
Grinder gestures at you.
You shrug off the repeated paralysis!
You can move again.
Throw: 2 throwing nets
Press: ? - help, Q - select action, (/) - cycle Shift-Dir - straight line, f - Grinder
Aim: Grinder (lightly wounded, 58% to hit)
You throw a throwing net. The throwing net hits Grinder.
Grinder is caught in the net!
Grinder is lightly wounded.
You slash Grinder!
Grinder is moderately wounded.
Grinder gestures at you. You resist with significant effort.
Grinder struggles against the net.
You hit Grinder.
Grinder is moderately wounded.
Grinder gestures at you. Pain shoots through your body!
You die...

#..........#.....###
#....†.....#...#+##
#.........##......##
##..........#......##
#...........#........
#...........###.....#
#...........# #.....#
#..........## #....##
#...@5.....# #....#
#..........# .......
#..........##.......
#..........##.......
######.....##......
...... ...... ....
.......... .
#.....................


You could see Grinder (caught).

Vanquished Creatures
  An ogre (D:3)
  An adder (D:3)
  A dart slug (D:2)
  3 orcs (D:3)
  4 ball pythons
  7 bats
  5 endoplasms
  4 giant cockroaches
  6 goblins
  6 hobgoblins
  2 quokkas
  7 frilled lizards
  6 kobolds
  4 rats
57 creatures vanquished.

Notes
Turn   | Place    | Note
-------+----------+-------------------------------------------
     0 | D:1      | monsoonserge the Merfolk Gladiator began the quest for the
                  | Orb.
     0 | D:1      | Reached XP level 1. HP: 16/16 MP: 1/1
    56 | D:1      | Reached XP level 2. HP: 22/22 MP: 2/2
   267 | D:1      | Reached XP level 3. HP: 28/28 MP: 3/3
   523 | D:2      | Found an ancient bone altar of Kikubaaqudgha.
   636 | D:2      | Noticed Sigmund
  1103 | D:3      | Noticed an ogre
  1122 | D:3      | Killed an ogre
  1123 | D:3      | Reached skill level 5 in Long Blades
  1123 | D:3      | Reached skill level 1 in Armour
  1123 | D:3      | Reached XP level 4. HP: 33/34 MP: 4/4
  1123 | D:3      | Reached XP level 5. HP: 38/39 MP: 5/5
  1289 | D:3      | Reached skill level 1 in Stealth
  1316 | D:3      | Reached skill level 5 in Dodging
  1441 | D:3      | Found a shimmering blue altar of Sif Muna.
  1579 | D:3      | Noticed Grinder
  1587 | D:3      | Paralysed by Grinder for 3 turns
  1592 | D:3      | Killed from afar by Grinder

Illustrated notes

Levels and vault maps discovered:
D:1:      scummos_arrival_hexagon, layout_rooms
D:2:      layout_rooms, basic_altar, uniq_sigmund
D:3:      minmay_angry_zag, layout_basic, kennysheep_orc_sif_temple,
          small_statue_intersection, uniq_grinder

Skill      XL: |  1  2  3  4  5 |
---------------+----------------+-----
Long Blades    | 4 5 |  5.4
Armour         | 1 |  1.1
Stealth        | 1 |  1.0
Dodging        | 5 |  5.1
Fighting       | |  2.7
Throwing       | |  2.2

Action                     |  1- 3 |  4- 6 || total
---------------------------+-------+-------++-------
  Melee: Long sword        |   129 |    59 ||   188
         Punch             |     1 |     2 ||     3
  Throw: Throwing net      |     2 |     1 ||     3
   Stab: Sleeping          |     1 |       ||     1
 Armour: Leather armour    |    26 |    18 ||    44
         Ring mail         |    36 |       ||    36
  Dodge: Dodged            |   103 |    36 ||   139
